 Dungeon Crawl Stone Soup version 0.27.1-34-g3ba077fa99 (webtiles) character file.

Game seed: 8553759510567378223

3497 cbfl8 the Protected (level 9, -3/70 HPs)
             Began as a Minotaur Fighter on Jan 13, 2022.
             Was a Priest of Hepliaklqana.
             Slain by a yak (12 damage)
             ... on level 8 of the Dungeon.
             The game lasted 00:26:42 (10207 turns).

cbfl8 the Protected (Minotaur Fighter)             Turns: 10207, Time: 00:26:42

Health: -3/70      AC: 10    Str: 21    XL:     9   Next: 80%
Magic:  8/8        EV: 11    Int:  8    God:    Hepliaklqana [***...]
Gold:   114        SH:  6    Dex: 16    Spells: 1/8 levels left

rFire    + . .     SeeInvis .   t - +3 dagger
rCold    . . .     Faith    +   T - -6 kite shield of Free Will {rCorr}
rNeg     . . .     Spirit   .   y - +1 scale mail {rF+}
rPois    +         Reflect  .   (helmet restricted)
rElec    .         Harm     .   (no cloak)
rCorr    +         Rampage  .   O - +0 pair of gloves
Will     .....                  (no boots)
Stlth    +.........             G - amulet of faith
HPRegen  0.21/turn              r - ring of poison resistance
MPRegen  0.11/turn              v - +6 ring of dexterity

@: no status effects
A: reduced essence, horns 2, retaliatory headbutt
a: Renounce Religion, Recall Ancestor, Ancestor Identity, Transference


You were on level 8 of the Dungeon.
You worshipped Hepliaklqana.
Hepliaklqana was most pleased with you.
You visited 2 branches of the dungeon, and saw 9 of its levels.

You collected 437 gold pieces.
You spent 323 gold pieces at shops.

Inventory:

Hand Weapons
 a - a +0 war axe
 d - a +2 flail of protection
 n - a +0 flail
 p - a +0 dagger
 q - a +2 falchion of electrocution
 s - a +1 dagger of speed
 t - a +3 dagger (weapon)
 z - a +0 dagger of speed
 A - a +2 dagger of draining
 F - a +0 scythe
 H - a +2 whip of flaming
Missiles
 u - 135 arrows
 B - 32 poisoned darts (quivered)
Armour
 b - a +0 scale mail
 c - a +0 kite shield
 g - a +0 pair of gloves
 l - a +0 ring mail
 y - a +1 scale mail of fire resistance (worn)
 O - a +0 pair of gloves (worn)
 T - the -6 kite shield of Free Will (worn) {rCorr}
   (You bought it in a shop on level 8 of the Dungeon)

   rCorr:     It protects you from acid and corrosion.
Jewellery
 r - a ring of poison resistance (left hand)
 v - a +6 ring of dexterity (right hand)
 G - an amulet of faith (around neck)
 J - a ring of see invisible
 P - an amulet of reflection
Wands
 w - a wand of iceblast (10)
 C - a wand of polymorph (7)
 M - a wand of mindburst (11)
 N - a wand of paralysis (8)
 Q - a wand of flame (5)
Scrolls
 e - 2 scrolls of amnesia
 f - a scroll of fear
 i - 2 scrolls of magic mapping
 j - 2 scrolls of teleportation
 k - 2 scrolls of enchant armour
 m - 3 scrolls of identify {unknown}
 o - a scroll of blinking
 D - a scroll of noise {unknown}
 E - a scroll of acquirement {unknown}
 K - a scroll of silence {unknown}
 R - a scroll of holy word {unknown}
Potions
 x - a potion of magic
 I - a potion of lignification
 L - 2 potions of curing
 S - a potion of haste {unknown}


   Skills:
 + Level 6.5 Fighting
 + Level 5.6(6.0) Short Blades
 + Level 3.2(5.1) Long Blades
 + Level 5.0 Axes
 + Level 9.4 Armour
 + Level 4.5 Dodging
 + Level 2.5 Stealth
 + Level 8.9 Shields


You had one spell level left.
You knew the following spells:

 Your Spells              Type           Power      Damage    Failure   Level
a - Mephitic Cloud        Conj/Pois/Air  0%         N/A       100%        3
b - Animate Dead          Necr           0%         N/A       100%        4

Your spell library contained the following spells:

 Spells                   Type           Power      Damage    Failure   Level
 Beastly Appendage        Tmut           0%         N/A       92%         1
 Sandblast                Erth           0%         2d4       92%         1
 Passwall                 Tmut/Erth      0%         N/A       98%         2
 Wereblood                Tmut           0%         N/A       98%         2
 Ignite Poison            Fire/Tmut/Pois 0%         N/A       100%        3
 Ozocubu's Armour         Ice            0%         N/A       100%        3
 Spider Form              Tmut/Pois      0%         N/A       100%        3
 Leda's Liquefaction      Hex/Erth       0%         N/A       100%        4
 Bolt of Magma            Conj/Fire/Erth 0%         4d4       100%        5
 Haunt                    Necr/Summ      0%         N/A       100%        7
 Ozocubu's Refrigeration  Ice            0%         4d5       100%        7
 Infestation              Necr           0%         N/A       100%        8
 Dragon's Call            Summ           0%         N/A       100%        9


Dungeon Overview and Level Annotations

Branches:
Dungeon (8/15)             Temple (1/1) D:7
   Lair: D:8-11

Altars:
Ashenzari
Dithmenos
Elyvilon
Fedhas
Hepliaklqana
Makhleb
Nemelex Xobeh
Okawaru
Qazlal
Ru
Sif Muna
Trog
Uskayaw
Vehumet
Wu Jian
Xom
Yredelemnul
Zin
The Shining One

Shops:
D:1 [   D:8 *

Annotations:
D:8 2 runed translucent doors


Innate Abilities, Weirdness & Mutations

Your life essence is reduced to manifest your ancestor. (-10% HP)
You have a pair of horns on your head.
You reflexively headbutt those who attack you in melee.


Message History

The yak closely misses you. The yak gores you!
* * * LOW HITPOINT WARNING * * *
As you read the scroll labelled SUMIAN GIUTEZIAMM, it crumbles to dust.
You assume a fearsome visage.
The yak looks frightened! x5
It was a scroll of fear.
Merenptah hits the yak with a +0 dagger of draining.
The yak dies!
As you read the scroll labelled CAPAUSE LUSA, it crumbles to dust.
You feel aware of your surroundings.
You sensed 4 altars.
It was a scroll of magic mapping.
As you read the scroll labelled DISERGH ZIPP, it crumbles to dust.
You feel strangely unstable.
It was a scroll of teleportation.
As you read the scroll labelled YSIOMEMADE, it crumbles to dust.
It is a scroll of amnesia.
Really abort (and waste the scroll)?
Okay, then.
The yak closely misses Merenptah.
The yak gores Merenptah.
Something barely misses Merenptah.
The yak gores Merenptah.
The yak barely misses Merenptah.
Found a leather armour.
Your surroundings suddenly seem different.
You start resting.
A yak is nearby!
A yak is nearby!
Found 26 sling bullets.
Found 6 boomerangs.
Found 21 bolts.
The yak gores you.
* * * LOW HITPOINT WARNING * * *
The yak gores Merenptah but does no damage.
You swap places.
You block the yak's attack.
You barely miss the yak.
The yak is lightly wounded.
The yak gores you!
* * * LOW HITPOINT WARNING * * *
You barely miss the yak.
The yak is lightly wounded.
Merenptah casts a spell at the yak.
The yak resists with some effort.
The yak gores you!
You die...

..***,.,....#...#*,* *,,,,,,,,,
#...,,,.####.....+,* ***,,,,,,***
*.....,.......,,**,***,,,**,,,,,,
*,....,,.....#***≈_*,,,,,,**,,,*,
***###***#.(.# ###*##***,,,,,,,**
**,*,*** *#..###.##.# **,,,,,,,*
,,,,,*,* #...##....# **,,,,,,,*
*≈,≈,≈** *#....R...# **,,,,,,,,,
≈⌠≈*,≈** ##...Y@...#**,,,,,**,,,
,,≈,,,,####....###..(...#*,,***,,
##++####.....(## *......#**,,,,,,
,............## **.##....,,,,,,,,
##...#####...# *,.#**...,,,,,,,,
#...## ##..#***..# *,..,******,
..#..# #..##...## **,.,,** *,
.###.######........* *,,,,,* *,
........##..#####..****,,,,*****,


You could see the friendly Merenptah the hexer and a yak (ally target).

Vanquished Creatures
  Pikel (D:5)
  A wraith (D:7)
  A yak (D:8)
  Edmund (D:4)
  2 water moccasins
  A necrophage (D:6)
  An orc warrior (D:7)
  An ice beast (D:6)
  A centaur (D:5)
  2 ogres (D:6)
  A lemure (D:5)
  2 scorpions
  A wyvern zombie (D:5)
  7 killer bees (D:7)
  A crimson imp (D:4)
  A hound (D:7)
  3 orc priests
  2 centaur skeletons (D:7)
  An iguana (D:6)
  2 orc wizards (D:4)
  3 gnolls (D:3)
  5 adders
  3 white imps
  An ufetubus (D:3)
  An adder skeleton (D:4)
  A worm (D:4)
  14 orcs
  8 endoplasms
  15 giant cockroaches
  7 goblins
  5 hobgoblins
  6 jackals (D:1)
  11 kobolds
  2 quokkas
  9 ball pythons
  A bat (D:1)
  5 frilled lizards
  8 rats
138 creatures vanquished.

Vanquished Creatures (collateral kills)
  A yak (D:8)
  Sigmund (D:5)
  2 sky beasts (D:6)
  An ogre (D:6)
  A phantom (D:7)
  A scorpion (D:5)
  4 killer bees (D:7)
  A centaur zombie (D:7)
  An orc priest (D:6)
  A centaur skeleton (D:7)
  An iguana (D:7)
  An orc wizard (D:6)
  A howler monkey skeleton (D:6)
  An adder (D:6)
  A white imp (D:4)
  6 orcs
  A ball python (D:4)
  An endoplasm (D:4)
27 creatures vanquished.

Vanquished Creatures (others)
  An ancestor (D:5)
  4 plants (D:3)
5 creatures vanquished.

Grand Total: 170 creatures vanquished

Notes
Turn   | Place    | Note
-------+----------+-------------------------------------------
     0 | D:1      | cbfl8 the Minotaur Fighter began the quest for the Orb.
     0 | D:1      | Reached XP level 1. HP: 19/19 MP: 0/0
    64 | D:1      | Reached XP level 2. HP: 22/27 MP: 1/1
   417 | D:1      | Found a faded altar of an unknown god.
   420 | D:1      | Became a worshipper of Ru the Awakened
   478 | D:1      | Found Jociop's Antique Armour Emporium.
   675 | D:1      | Reached XP level 3. HP: 29/33 MP: 2/2
   815 | D:1      | Reached skill level 4 in Armour
  1277 | D:2      | Reached XP level 4. HP: 40/40 MP: 3/3
  2042 | D:3      | Found a faded altar of an unknown god.
  2042 | D:3      | Found a hazy altar of Hepliaklqana.
  2061 | D:3      | Found a faded altar of an unknown god.
  2093 | D:3      | Fell from the grace of Ru
  2093 | D:3      | Became a worshipper of Hepliaklqana the Forgotten
  2238 | D:3      | Learned a level 3 spell: Mephitic Cloud
  2267 | D:3      | Reached XP level 5. HP: 39/47 MP: 4/4
  2453 | D:3      | Found a bloodstained altar of Trog.
  2482 | D:3      | Found an ornate altar of the Wu Jian Council.
  2546 | D:3      | Found a sparkling altar of Nemelex Xobeh.
  2860 | D:4      | Reached * piety under Hepliaklqana
  3025 | D:4      | Noticed Edmund
  3041 | D:4      | Reached skill level 1 in Dodging
  3043 | D:4      | Killed Edmund
  3044 | D:4      | Reached skill level 1 in Long Blades
  3044 | D:4      | Reached skill level 5 in Axes
  3044 | D:4      | Reached XP level 6. HP: 12/47 MP: 5/5
  3639 | D:4      | Reached skill level 5 in Armour
  3639 | D:4      | Reached skill level 5 in Shields
  5080 | D:5      | Entered Level 5 of the Dungeon
  5080 | D:5      | Noticed Sigmund
  5102 | D:5      | Killed Sigmund
  5103 | D:5      | Reached XP level 7. HP: 49/54 MP: 6/6
  5193 | D:5      | Noticed Pikel
  5230 | D:5      | Paralysed by Pikel for 3 turns
  5245 | D:5      | Killed Pikel
  5246 | D:5      | Reached skill level 5 in Fighting
  5246 | D:5      | Reached skill level 1 in Short Blades
  5246 | D:5      | Reached skill level 6 in Armour
  5816 | D:5      | Reached XP level 8. HP: 45/61 MP: 7/7
  6010 | D:5      | Reached ** piety under Hepliaklqana
  6011 | D:5      | Remembered your ancestor Merenptah as a hexer
  6032 | D:5      | Reached skill level 7 in Armour
  6053 | D:5      | Learned a level 4 spell: Animate Dead
  6639 | D:6      | Reached skill level 1 in Stealth
  7197 | D:6      | Reached skill level 8 in Armour
  7217 | D:6      | Reached XP level 9. HP: 67/67 MP: 8/8
  8206 | D:7      | Reached *** piety under Hepliaklqana
  9093 | D:7      | Found a staircase to the Ecumenical Temple.
  9118 | Temple   | Entered the Ecumenical Temple
  9254 | D:7      | Reached skill level 5 in Short Blades
  9254 | D:7      | Reached skill level 9 in Armour
  9630 | D:7      | Got Pouleh's Tome of the Ashen Entourage
  9929 | D:7      | Found a stormy altar of Qazlal.
 10053 | D:8      | Found Raets's Assorted Antiques.
 10057 | D:8      | Bought a transparent kite shield for 323 gold pieces
 10057 | D:8      | Identified the -6 kite shield of Free Will {rCorr} (You
                  | bought it in a shop on level 8 of the Dungeon)
 10165 | D:8      | Found a large runed translucent door.
 10167 | D:8      | Found a large runed translucent door.
 10207 | D:8      | Slain by a yak

Illustrated notes

Levels and vault maps discovered:
D:1:      saegor_arrival_simple_e, layout_rooms, serial_shops, shop,
          chequers_ecumenical_altar_grove, minivault_19
D:2:      minmay_roachtagon, layout_loops_cross, chequers_serial_rivers_micro_b,
          minmay_misc_feat_tiny, lemuel_old_faithful
D:3:      layout_loops_cross, mainiacjoe_overflow_boulevard,
          nicolae_hepliaklqana_ecumenical_no_more, nzn_wu_jian_council_hall,
          mainiacjoe_overflow_alcove_2, chequers_serial_rivers_small_a
D:4:      layout_cave_pods, grunt_decor_cap, minmay_fire_ice_demons, uniq_edmund
D:5:      layout_loops_ring, hangedman_decor_push, uniq_pikel, uniq_sigmund
D:6:      layout_loops_ring, minmay_misc_feat_rows
D:7:      layout_basic, mainiacjoe_overflow_alcove_1,
          minmay_temple_entry_proselytizer
D:8:      layout_layer_cave, nicolae_overflow_crystal_walls,
          nicolae_ru_path_of_blood, gammafunk_temple_overflow_elements,
          serial_shops, shop, ebering_ghost_disaster_area,
          minmay_misc_feat_room, nicolae_straight_to_the_point
Temple:   dshaligram_water_room_temple

Skill      XL: |  1  2  3  4  5  6  7  8  9 |
---------------+----------------------------+-----
Axes           | 3 4 5 |  5.0
Shields        | 4 5 6 7 8 |  8.9
Armour         | 4 5 6 8 9 |  9.4
Fighting       | 4 5 6 |  6.5
Dodging        | 1 2 3 4 |  4.5
Long Blades    | 1 2 3 |  3.2
Short Blades   | 2 4 5 |  5.6
Stealth        | 1 2 |  2.5

Action                   |  1- 3 |  4- 6 |  7- 9 || total
-------------------------+-------+-------+-------++-------
Melee: War axe           |    88 |    23 |       ||   111
       Headbutt          |     8 |    18 |    68 ||    94
       Falchion          |       |    57 |       ||    57
       Dagger            |       |    37 |   222 ||   259
Invok: Recall Ancestor   |       |     1 |       ||     1
       Ancestor Identity |       |     1 |       ||     1
       Ancestor Life: He |       |       |     1 ||     1
  Use: Potion            |       |     1 |     9 ||    10
       Scroll            |       |       |     7 ||     7
 Stab: Distracted        |       |       |     3 ||     3
       Confused          |       |       |     2 ||     2
Armor: Scale mail        |    58 |    69 |    74 ||   201
       Skin              |       |       |     5 ||     5
Dodge: Dodged            |    37 |    39 |   103 ||   179
Block: Kite shield       |    60 |   102 |   138 ||   300
       Rpst.: Falchion   |       |     7 |       ||     7
